AoeStats
← Lord_Wilfredo

Arabia

504922219Analyzed
1v1 RM · 25d ago on Sep 7, 2026· 30m 49s· 2 players
Game mode
Random Map
Map size
Tiny (2 player)
Population
200
Speed
Normal
Resources
Standard
Victory
Conquest
Starting age
Dark Age
Ending age
Imperial Age
RankedLock teamsTeams togetherTeam positionsShared explorationLock speedFull tech treeHidden civsTurbo modeCheats
Victory
Defeat
🇦🇷 Mongols · Argentina
1257
+14
🇺🇸 Jurchens · United States
1223
-14
arthuopod
6:05 Loom
9:36 Feudal Age
10:40 Double-Bit Axe
16:01 Wheelbarrow
20:53 Castle Age
19:41 Gold Mining
20:24 Bloodlines
29:00 Fletching
29:55 Scale Barding Armor
Lord_Wilfredo
6:20 Loom
8:34 Feudal Age
14:34 Double-Bit Axe
20:14 Castle Age
18:43 Fletching
19:31 Padded Archer Armor
21:26 Crossbowman
22:53 Bloodlines
23:03 Bow Saw
24:12 Bodkin Arrow
29:36 Ballistics
29:40 Town Watch
Connection lost

Rejoining the realm…

Still unreachable

The connection could not be restored.

Session expired

The server has moved on; the page needs a fresh start.